 Dungeon Crawl Stone Soup version 0.13-a0-2477-geaae114 (webtiles) character file.

3092 TeaT1me the Basher (level 9, -4/82 HPs)
             Began as a Gargoyle Berserker on July 19, 2013.
             Was a High Priest of Trog.
             Killed from afar by a deep elf mage (19 damage)
             ... with an orb of energy
             ... in a bailey.
             The game lasted 00:30:40 (6177 turns).

TeaT1me the Basher (Gargoyle Berserker)             Turns: 6177, Time: 00:30:44

HP  -4/82        AC 15     Str 30      XL: 9   Next: 73%
MP   8/8         EV 12     Int 11      God: Trog [*****.]
Gold 262         SH  0     Dex  9      Spells:  0 memorised,  8 levels left

Res.Fire  : . . .   See Invis. : +   L - +1,+12 dire flail "Ipliral" {crush, rN+ SI Res.Cold : . . . Warding : . H - +0 ring mail {MR+} Life Prot.: + + . Conserve : . (no shield)
Res.Poison: +       Res.Corr.  : +   (no helmet)
Res.Elec. : +       Clarity    : .   (no cloak)
Sust.Abil.: . .     Spirit.Shd : .   (no gloves)
Res.Mut.  : .       Stasis     : .   (no boots)
Res.Rott. : +       Flight     : .   t - amulet of resist corrosion
Saprovore : . . .                    (no ring)
                                     B - +4 ring of intelligence

@: liquid flames, berserking (expiring), very slightly contaminated, glowing,
very quick, somewhat resistant to hostile enchantments, extremely unstealthy
A: fangs 1, talons 2, life protection 1, electricity resistance, slow metabolism
1, unbreathing, petrification resistance, AC +9
a: Burn Spellbooks, Berserk, Trog's Hand, Brothers in Arms, Renounce Religion


You were in a bailey.
You worshipped Trog.
Trog was extremely pleased with you.
You were not hungry.

You visited 1 branch of the dungeon, and saw 7 of its levels.
You also visited: Bailey.

You collected 242 gold pieces.

Inventory:

Hand weapons
 a - a +0,+1 mace
 E - a +0,+1 orcish mace
 L - the +1,+12 dire flail "Ipliral" (weapon) {crush, rN+ SInv}
   (You found it on level 6 of the Dungeon)

   It inflicts extra damage upon your enemies.
   It protects you from negative energy.
   It enhances your eyesight.
Missiles
 o - 8 javelins (quivered)
Armour
 b - a cursed +0 animal skin
 D - a +0 orcish ring mail
 F - a +0 ice dragon hide
 H - a +0 ring mail of magic resistance (worn)
Magical devices
 r - a wand of slowing (11)
 A - a wand of paralysis (5)
Comestibles
 c - 3 bread rations
 f - an apricot
 j - a snozzcumber
 x - 12 grapes
 K - a meat ration
Scrolls
 e - a scroll of fear
 h - 2 scrolls of random uselessness
 q - 2 scrolls of enchant weapon II
 s - 2 scrolls of remove curse {unknown}
 I - a scroll of curse weapon
Jewellery
 t - an amulet of resist corrosion (around neck)
 u - an uncursed amulet of warding
 B - a +4 ring of intelligence (left hand)
 C - a +4,+2 ring of slaying {unknown}
Potions
 d - 2 potions of poison
 g - 5 potions of curing
 i - a potion of paralysis {unknown}
 k - a potion of resistance {unknown}
 l - 2 potions of brilliance {unknown}
 m - a potion of heal wounds
 n - a potion of agility {unknown}
 p - 3 potions of confusion {unknown}
 v - a potion of invisibility {unknown}
 w - a potion of speed {unknown}
 z - a potion of restore abilities {unknown}
 J - a potion of mutation {unknown}


   Skills:
 + Level 6.5 Fighting
 + Level 8.7 Maces & Flails
 + Level 5.9 Armour
 + Level 6.2 Dodging
 + Level 3.9 Stealth


You had 8 spell levels left.
You didn't know any spells.

Dungeon Overview and Level Annotations

Branches:
Dungeon (7/27)             Temple (0/1) D:4
    Orc: D:6-11

Altars:


Innate Abilities, Weirdness & Mutations

You are resistant to torment.
You are immune to poison.
Your stone body is very resilient (AC +9).
You have very sharp teeth.
You have razor-sharp toenails.
You resist negative energy.
You are resistant to electric shocks.
You have a slow metabolism.
You can survive without breathing.
You are immune to petrification.


Message History

The deep elf priest is severely wounded.
You are covered in liquid flames!
One of your 3 scrolls labeled TEYPPI FOQETIO {tried} catches fire!
* * * LOW HITPOINT WARNING * * *
You closely miss the deep elf priest. Your kick misses the deep elf priest.
The deep elf priest is severely wounded.
You are covered in liquid flames!
* * * LOW HITPOINT WARNING * * *
The deep elf mage casts a spell at you. You resist.
The deep elf priest hits you with an elven short sword.
* * * LOW HITPOINT WARNING * * *
You impale the deep elf priest!!
You kill the deep elf priest!
Trog accepts your kill.
You are covered in liquid flames!
* * * LOW HITPOINT WARNING * * *
The deep elf mage gestures at you while chanting.
The orb of energy hits you!
You die...

#....e .....#
#...e#.e..#
#####'#
##....#..5.#
#.....#..e..#
#..∩..#.....#
#..555#.....#
###.e)###...##
##..##@######.
#..).##)..##
#....#.....#
##..##..∩..#
######...##
#####


You could see a deep elf mage, a quasit, a lemure and an ufetubus.

Vanquished Creatures
  A deep elf priest (Bailey)
  Eustachio (D:7)
  4 deep elf magi (Bailey)
  A deep elf fighter (Bailey)
  Menkaure (D:7)
  4 ice beasts
  2 orc warriors (D:6)
  2 ogres
  Sigmund (D:3)
  A crimson imp (D:5)
  6 hounds
  7 orc priests
  8 orc wizards
  An iguana (D:4)
  A worker ant (D:4)
  A jelly (D:7)
  10 adders
  2 worms
  A scorpion zombie (D:6)
  A giant gecko (D:6)
  2 oozes (D:3)
  26 orcs
  17 bats
  2 bat zombies
  3 giant cockroaches
  8 goblins
  16 hobgoblins
  7 jackals
  A quokka (D:3)
  3 ball pythons
  A giant gecko skeleton (D:4)
  4 giant newts
  3 hobgoblin skeletons
  10 kobolds
  An orc skeleton (D:4)
  15 rats
  A rat skeleton (D:7)
176 creatures vanquished.

Vanquished Creatures (others)
  A shadow imp (Bailey)
1 creature vanquished.

Grand Total: 177 creatures vanquished

Notes
Turn   | Place    | Note
--------------------------------------------------------------
     0 | D:1      | TeaT1me, the Gargoyle Berserker, began the quest for the Orb.
     0 | D:1      | Reached XP level 1. HP: 14/14 MP: 0/0
   282 | D:1      | Reached XP level 2. HP: 17/19 MP: 1/1
   703 | D:1      | Reached XP level 3. HP: 21/24 MP: 2/2
   899 | D:2      | Acquired Trog's second power
   985 | D:2      | Reached skill level 4 in Maces & Flails
  1016 | D:2      | Reached skill level 1 in Stealth
  1042 | D:2      | Reached XP level 4. HP: 25/28 MP: 3/3
  1813 | D:3      | Noticed an ice beast
  1822 | D:3      | Killed an ice beast
  1822 | D:3      | Reached XP level 5. HP: 33/33 MP: 4/4
  1904 | D:3      | Noticed Sigmund
  2013 | D:3      | Killed Sigmund
  2013 | D:3      | Reached skill level 5 in Maces & Flails
  2013 | D:3      | Reached XP level 6. HP: 31/39 MP: 5/5
  3022 | D:4      | Found a staircase to the Ecumenical Temple.
  3048 | D:4      | Reached XP level 7. HP: 43/43 MP: 6/6
  3493 | D:5      | Entered Level 5 of the Dungeon
  3896 | D:5      | Reached skill level 6 in Maces & Flails
  3899 | D:5      | Acquired Trog's third power
  4388 | D:5      | Reached XP level 8. HP: 37/48 MP: 7/7
  4830 | D:6      | Got a bloodstained dire flail
  4831 | D:6      | Identified the dire flail "Ipliral" {crush, rN+ SInv} (You found it on level 6 of the Dungeon)
  5096 | D:6      | Reached skill level 5 in Fighting
  5196 | D:6      | Reached skill level 5 in Dodging
  5489 | D:6      | Reached skill level 7 in Maces & Flails
  5754 | D:7      | Reached skill level 5 in Armour
  5792 | D:7      | Noticed Eustachio
  5802 | D:7      | Killed Eustachio
  5802 | D:7      | Reached XP level 9. HP: 54/54 MP: 8/8
  5810 | D:7      | Found a flagged portal.
  5840 | D:7      | Noticed Menkaure
  5846 | D:7      | Killed Menkaure
  6024 | Bailey   | Entered a bailey
  6143 | Bailey   | Reached skill level 8 in Maces & Flails
  6154 | Bailey   | Noticed a deep elf priest
  6177 | Bailey   | Killed a deep elf priest
  6177 | Bailey   | Killed from afar by a deep elf mage

Action                   |  1- 3 |  4- 6 |  7- 9 || total
-------------------------+-------+-------+-------++-------
Melee: Mace              |    72 |   136 |   112 ||   320
       Dire flail        |       |       |    95 ||    95
Invok: Berserk           |       |     3 |     3 ||     6
  Use: Scroll            |     3 |     5 |     9 ||    17
       Potion            |       |       |     2 ||     2
 Stab: Sleeping          |       |     2 |       ||     2
